 Dungeon Crawl Stone Soup version 0.31-a0-234-gad7ace16ef (webtiles) character file.

Game seed: 6372425233693987357

420 qw the Shooter (level 6, -12/53 HPs)
             Began as a Minotaur Hexslinger on July 9, 2023.
             Mangled by an ogre
             ... wielding a +0 giant club
              (17 damage)
             ... on level 5 of the Dungeon.
             The game lasted 00:01:10 (3425 turns).

qw the Shooter (Minotaur Hexslinger)                Turns: 3425, Time: 00:01:11

Health: -12/53     AC:  3    Str: 13    XL:     6   Next: 62%
Magic:  6/6        EV: 12    Int: 10    God:
Gold:   231        SH:  5    Dex: 14    Spells: 6/7 levels left

rFire   . . .        Y - +2 sling
rCold   + . .        (no shield)
rNeg    . . .        j - +0 leather armour
rPois   .            (helmet restricted)
rElec   .            (no cloak)
rCorr   .            (no gloves)
SInv    .            (no boots)
Will    .....        e - amulet of reflection
Stlth   +            c - ring of protection from cold
HPRegen 0.28/turn    (no ring)
MPRegen 0.10/turn

%: reflection
@: no status effects
A: horns 2, retaliatory headbutt
a: no special abilities


You were on level 5 of the Dungeon.
You visited 1 branch of the dungeon, and saw 5 of its levels.

You collected 231 gold pieces.


Innate Abilities, Weirdness & Mutations

You have a pair of horns on your head.
You reflexively headbutt those who attack you in melee.


   Skills:
 - Level 4.7 Fighting
 + Level 6.5 Ranged Weapons
 - Level 2.1 Dodging
 - Level 1.0 Spellcasting
 - Level 2.0 Hexes


You had 6 spell levels left.
You knew the following spells:

 Your Spells              Type           Power      Damage    Failure   Level
a - Slow                  Hex            16%        N/A       19%         1

Your spell library contained the following spells:

 Spells                   Type           Power      Damage    Failure   Level
 Inner Flame              Hex/Fire       2%         N/A       65%         3
 Portal Projectile        Hex/Tloc       4%         N/A       65%         3
 Cause Fear               Hex            2%         N/A       88%         4

Inventory:

Hand Weapons
 Y - a +2 sling (weapon)
Armour
 j - a +0 leather armour (worn)
Jewellery
 c - a ring of protection from cold (left hand)
 e - an amulet of reflection (around neck)
Scrolls
 b - a scroll of identify
 d - a scroll of blinking {unknown}
Potions
 a - a potion of enlightenment
 f - a potion of cancellation {unknown}

Dungeon Overview and Level Annotations

Branches:
Dungeon (5/15)
 Temple: D:4-7

Altars:

Annotations:
D:2 1 runed translucent door, Crazy Yiuf


Message History

The sling bullet hits the gnoll!
You kill the gnoll!
You shoot a sling bullet.
The sling bullet barely misses the ogre.
The sling bullet hits the gnoll.
The gnoll is moderately wounded.
The ogre barely misses you.
The gnoll bouda barks out a call to the hunt!
The gnolls pick up the pace!
You hear a shout!
You shoot a sling bullet. The sling bullet hits the gnoll.
The gnoll is heavily wounded.
A gnoll comes into view. It is wielding a +0 spear.
The gnoll hits you with a +0 club. You block the ogre's attack.
You shoot a sling bullet. The sling bullet hits the gnoll.
The gnoll is severely wounded.
You block the gnoll's attack.
The gnoll bouda gazes fiercely through you!
You feel your attacks grow feeble. The gnoll misses you.
You shoot a sling bullet. The sling bullet hits the gnoll.
The gnoll is almost dead.
The gnoll hits you with a +0 club.
The ogre hits you with a +0 giant club!!
A sleepcap comes into view.
You block the gnoll's attack.
You shoot a sling bullet.
The sling bullet closely misses the gnoll.
The gnoll hits you with a +0 club. You block the ogre's attack.
The gnoll barely misses you.
You shoot a sling bullet.
The sling bullet closely misses the gnoll.
Your attacks no longer feel as feeble.
The gnoll hits you but does no damage.
The gnoll hits you from afar with a +0 halberd.
The gnoll completely misses you.
The gnoll hits you from afar with a +0 spear.
The gnoll bouda hits you with a +0 whip!
The ogre hits you with a +0 giant club!
You die...

########### ######
.........> .....###
#......... .......##
#...g.....
.....)..##
#.ggg.....
.####....###
#.@Og..f.. ##
###....####.#######.
# ##......#.#
##.......# ###.....#
#######


You could see an ogre, a sleepcap, a gnoll bouda and 4 gnolls.

Vanquished Creatures
  An ogre (D:5)
  2 phantoms (D:4)
  A hound (D:5)
  Terence (D:2)
  3 adders
  A gnoll (D:5)
  2 worms
  A dart slug (D:1)
  2 orcs (D:3)
  6 bats
  5 endoplasms
  5 giant cockroaches
  6 goblins
  10 hobgoblins
  10 jackals
  2 quokkas (D:1)
  4 ball pythons
  9 frilled lizards
  8 kobolds
  6 rats
85 creatures vanquished.

Notes
Turn   | Place    | Note
-------+----------+-------------------------------------------
     0 | D:1      | qw the Minotaur Hexslinger began the quest for the Orb.
     0 | D:1      | Reached XP level 1. HP: 16/16 MP: 1/1
     0 | D:1      | 0 ||| qw: Version: 0.3-a-51-g015441d
     0 | D:1      | 0 ||| qw: Game counter: 4267
     0 | D:1      | 0 ||| qw: Melee chars always use a shield: true
     0 | D:1      | 0 ||| qw: God list: Okawaru
     0 | D:1      | 0 ||| qw: Allow faded altars: false
     0 | D:1      | 0 ||| qw: Do Orc after clearing Dungeon:15 true
     0 | D:1      | 0 ||| qw: Do second Lair branch before Depths: true
     0 | D:1      | 0 ||| qw: Lair rune preference: random
     0 | D:1      | 0 ||| qw: Goals: Normal
     0 | D:1      | 0 ||| PLANNING D:1-11
   189 | D:1      | Reached skill level 3 in Ranged Weapons
   191 | D:1      | Reached XP level 2. HP: 23/23 MP: 2/2
   523 | D:1      | Reached XP level 3. HP: 29/29 MP: 3/3
   817 | D:1      | 817 ||| UPGRADING to amulet of reflection.
   822 | D:1      | 822 ||| DROPPING scroll of poison.
   986 | D:2      | Reached skill level 4 in Ranged Weapons
  1240 | D:2      | Noticed Terence
  1251 | D:2      | Killed Terence
  1252 | D:2      | Reached XP level 4. HP: 36/36 MP: 4/4
  1374 | D:2      | Found a runed translucent door.
  1375 | D:2      | Noticed Crazy Yiuf
  1515 | D:2      | 1515 ||| UPGRADING to +0 leather armour.
  1525 | D:2      | 1525 ||| DROPPING +0 robe.
  1526 | D:2      | 1526 ||| READING scroll labelled IHA ATZIZXOA.
  1527 | D:2      | 1527 ||| READING scroll labelled VAXTIJY ABBO.
  1528 | D:2      | 1528 ||| READING scroll labelled YDIREBIUKOY.
  1529 | D:2      | 1529 ||| READING scroll labelled WASAWEPLUCH.
  1530 | D:2      | 1530 ||| DRINKING 2 yellow potions.
  1531 | D:2      | 1531 ||| DROPPING potion of invisibility.
  1613 | D:3      | 1613 ||| STAIRDANCE
  1830 | D:3      | Reached skill level 5 in Ranged Weapons
  2281 | D:3      | 2281 ||| DRINKING 2 fuming coppery potions.
  2309 | D:4      | Identified the +7 falchion of the Fortifying Gods {freeze,
                  | Int+5}
  2558 | D:4      | Reached skill level 3 in Fighting
  2815 | D:4      | Noticed a phantom
  2829 | D:4      | Killed a phantom
  2830 | D:4      | Reached XP level 5. HP: 36/45 MP: 5/5
  2880 | D:4      | Noticed a phantom
  2897 | D:4      | Killed a phantom
  2898 | D:4      | Reached skill level 6 in Ranged Weapons
  2898 | D:4      | Reached XP level 6. HP: 36/51 MP: 6/6
  3091 | D:4      | 3091 ||| UPGRADING to ring of protection from cold.
  3092 | D:4      | 3092 ||| READING scroll labelled EKHIMO FIUJ.
  3176 | D:4      | 3176 ||| READING 2 scrolls of identify.
  3176 | D:4      | 3176 ||| IDENTIFYING fizzy cyan potion
  3177 | D:4      | 3177 ||| DROPPING potion of brilliance.
  3220 | D:5      | Entered Level 5 of the Dungeon
  3425 | D:5      | HP: 12/53 [gnoll/+0 spear[a gnoll bouda] (4)]
  3425 | D:5      | HP: 5/53 [gnoll bouda/+0 whip (7)]
  3425 | D:5      | Mangled by an ogre

Levels and vault maps discovered:
D:1:      lightli_arrival_quake, layout_loops_ring,
          chequers_serial_rivers_micro_b, minivault_27, minmay_lizard_pond
D:2:      layout_loops_ring, minmay_liquid_box, kennysheep_nub, minivault_24,
          uniq_crazy_yiuf_cottage, uniq_terence
D:3:      layout_rooms, minivault_27
D:4:      layout_gridville
D:5:      layout_basic, minmay_temple_entry_proselytizer, serial_curves,
          eino_curves_02, eino_curves_01

Skill      XL: |  1  2  3  4  5  6 |
---------------+-------------------+-----
Ranged Weapons | 3 4 5 6 |  6.5
Fighting       | 2 3 4 |  4.7
Dodging        | |  2.1
Spellcasting   | |  1.0
Hexes          | |  2.0

Action                     |  1- 3 |  4- 6 || total
---------------------------+-------+-------++-------
   Fire: Sling             |   120 |   156 ||   276
    Use: Scroll            |       |     6 ||     6
         Potion            |       |     2 ||     2
 Armour: Robe              |    14 |     3 ||    17
         Leather armour    |       |    10 ||    10
  Dodge: Dodged            |    42 |    44 ||    86
  Block: Other             |     3 |    22 ||    25

Table legend:
 A = Non-vault XP
 B = Vault XP
 C = Vault XP percentage of total XP
 D = Non-vault monster count
 E = Vault monster count
 F = Vault count percentage of total count
                 A         B        C        D         E       F
            +---------+---------+-------+---------+---------+-------
      Total |     561 |      40 |   6.7 |      76 |       9 |  10.6
            +---------+---------+-------+---------+---------+-------
        D:1 |      49 |       8 |  14.0 |      26 |       8 |  23.5
        D:2 |      43 |      32 |  42.7 |      18 |       1 |   5.3
        D:3 |      35 |       0 |   0.0 |      18 |       0 |   0.0
        D:4 |     243 |       0 |   0.0 |       9 |       0 |   0.0
        D:5 |     191 |       0 |   0.0 |       5 |       0 |   0.0
            +---------+---------+-------+---------+---------+-------
